 Dungeon Crawl Stone Soup version 0.19-a0-1720-gc855d72 (webtiles) character file.

65 JeffiDaFish the Sneak (level 3, 0/16 HPs)
             Began as a Spriggan Enchanter on Sept 29, 2016.
             Succumbed to an adder's poison
             ... on level 3 of the Dungeon.
             The game lasted 00:07:37 (2497 turns).

JeffiDaFish the Sneak (Spriggan Enchanter)          Turns: 2497, Time: 00:07:37

Health: 0/16       AC:  5    Str:  4    XL:     3   Next: 92%
Magic:  2/8        EV: 18    Int: 17    God:
Gold:   125        SH:  0    Dex: 16    Spells: 3 memorised, 2 levels left

rFire  . . .     SeeInvis +     a - +1 dagger
rCold  . . .     Gourm    .     b - +2 robe
rNeg   . . .     Faith    .     (shield restricted)
rPois  +         Spirit   .     (helmet restricted)
rElec  .         Dismiss  .     (no cloak)
rCorr  .         Reflect  .     (gloves unavailable)
MR     .....     Harm     .     (boots unavailable)
Stlth  +++....... Rnd*Rage +    (no amulet)
                                (no ring)
                                (no ring)

@: lethally poisoned (0 -> -6), very quick
A: unfitting armour, see invisible, berserk 1, herbivore 3, speed 3, poison
resistance, slow metabolism 2, MP-powered wands
a: no special abilities


You were on level 3 of the Dungeon.
You were hungry.

You visited 1 branch of the dungeon, and saw 3 of its levels.

You collected 125 gold pieces.

Inventory:

Hand Weapons
 a - a +1 dagger (weapon)
Armour
 b - a +2 robe (worn)
Scrolls
 e - a scroll of identify
Books
 c - a book of Maledictions

   Spells                             Type                      Level
   a - Corona                         Hexes                        1
   b - Ensorcelled Hibernation        Hexes/Ice                    2
   c - Confuse                        Hexes                        3
   d - Tukima's Dance                 Hexes                        3
   e - Dazzling Spray                 Conjuration/Hexes            3
Comestibles
 d - 2 bread rations


   Skills:
 + Level 0.0 Fighting
 + Level 1.7 Short Blades
 + Level 3.2 Dodging
 * Level 5.4 Stealth
 + Level 3.4 Spellcasting
 + Level 4.2 Hexes
 * Level 0.4 Ice Magic


You had 2 spell levels left.
You knew the following spells:

 Your Spells              Type           Power        Failure   Level  Hunger
a - Corona                Hex            ###....      2%          1    None
b - Ensorcelled Hibernat  Hex/Ice        ##....       12%         2    ##.....
c - Confuse               Hex            ###.....     10%         3    ###....


Dungeon Overview and Level Annotations

Branches:
Dungeon (3/15)

Altars:


Innate Abilities, Weirdness & Mutations

You are very small and have problems with some larger weapons.
You are too small for most types of armour.
You have supernaturally acute eyesight. (SInv)
You are a herbivore.
You cover ground extremely quickly.
You need consume almost no food.
You tend to lose your temper in combat.
Your system is resistant to poisons. (rPois)
You expend magic power (3 MP) to strengthen your wands.


Message History

You feel sick. The adder bites you.
You closely miss the adder.
The adder is severely wounded.
The adder misses you.
You closely miss the adder.
The adder is severely wounded.
The adder bites you.
* * * LOW HITPOINT WARNING * * *
The adder misses you.
* * * LOW HITPOINT WARNING * * *
You feel sick.
You start eating one of the 2 bread rations.
The adder barely misses you.
Keep eating?
You stop eating.
You completely miss the adder.
The adder is severely wounded.
The adder closely misses you.
There is an open door here.
You die...

#### ..$..
######..!...
#..S.'......
#.####......
#.S.# ##...
###'## %
#...# #.@.#
#...# #...#
#...# #...#
############
#...#
#.....).....
#...#
#.##########
#...# #.#
#...# #.#


You could see an adder.

Vanquished Creatures
  An adder (D:2)
  An ooze (D:2)
  A worm (D:2)
  4 dart slugs
  A leopard gecko (D:2)
  3 giant cockroaches
  2 goblins (D:1)
  5 hobgoblins
  6 jackals
  A quokka (D:2)
  4 bats
  A frilled lizard (D:3)
  4 kobolds
  3 rats (D:1)
37 creatures vanquished.

Notes
Turn   | Place    | Note
-------+----------+-------------------------------------------
     0 | D:1      | JeffiDaFish the Spriggan Enchanter began the quest for the Orb.
     0 | D:1      | Reached XP level 1. HP: 9/9 MP: 5/5
   495 | D:1      | Reached XP level 2. HP: 10/13 MP: 7/7
   570 | D:1      | Learned a level 2 spell: Ensorcelled Hibernation
   944 | D:2      | Reached XP level 3. HP: 16/16 MP: 3/8
  1211 | D:2      | Reached skill level 5 in Stealth
  1486 | D:2      | Gained mutation: Your system is resistant to poisons. (rPois) [potion of mutation]
  1486 | D:2      | Gained mutation: You tend to lose your temper in combat. [potion of mutation]
  1486 | D:2      | Gained mutation: You expend magic power (3 MP) to strengthen your wands. [potion of mutation]
  1841 | D:2      | Learned a level 3 spell: Confuse
  2497 | D:3      | Succumbed to an adder's poison

Vault maps used:
D:1:      lemuel_arrival_rhombus, minivault_25, kennysheep_nondescript,
          hangedman_decor_clover_reticule
D:3:      first_bread, uniq_terence

Skill      XL: |  1  2  3 |
---------------+----------+-----
Spellcasting   | 3 |  3.4
Hexes          | 4 |  4.2
Stealth        | 5 |  5.4
Short Blades   | |  1.7
Dodging        | |  3.2
Ice Magic      | |  0.4

Action                   || total
-------------------------++-------
Melee: Dagger            ||   197
 Cast: Ensorcelled Hiber ||    13
       Confuse           ||     2
       Corona            ||     1
  Use: Scroll            ||     5
       Potion            ||     5
 Stab: Sleeping          ||    13
Armor: Robe              ||    28
Dodge: Dodged            ||   161
